 Dungeon Crawl Stone Soup version 0.28.0-49-g6dfe1f597d (webtiles) character file.

Game seed: 10111117517469147622

88 pkoi the Ruffian (level 4, -7/36 HPs)
             Began as a Demigod Gladiator on May 16, 2022.
             Mangled by a gnoll
             ... wielding a +0 flail
              (8 damage)
             ... on level 2 of the Dungeon.
             The game lasted 00:03:21 (2852 turns).

pkoi the Ruffian (Demigod Gladiator)                Turns: 2852, Time: 00:03:22

Health: -7/36      AC:  4    Str: 19    XL:     4   Next: 8%
Magic:  6/6        EV: 12    Int: 16    God:
Gold:   110        SH:  0    Dex: 15    Spells: 3/3 levels left

rFire   . . .      SeeInvis .     - Unarmed
rCold   . . .      Faith    .   (no shield)
rNeg    . . .      Spirit   .   a - +0 leather armour
rPois   .          Reflect  .   b - +0 helmet
rElec   .          Harm     .   (no cloak)
rCorr   .          Rampage  .   (no gloves)
Will    .....                   (no boots)
Stlth   +.........              (no amulet)
HPRegen 0.12/turn               f - +6 ring of intelligence
MPRegen 0.10/turn               (no ring)

@: no status effects
A: high MP 1, forlorn, divine attributes
a: no special abilities


You were on level 2 of the Dungeon.
You visited 1 branch of the dungeon, and saw 2 of its levels.

You collected 110 gold pieces.

Inventory:

Hand Weapons
 d - a +0 short sword
 e - a +0 antimagic dagger
Missiles
 c - 3 throwing nets (quivered)
 k - 2 silver javelins
Armour
 a - a +0 leather armour (worn)
 b - a +0 helmet (worn)
Jewellery
 f - a +6 ring of intelligence (left hand)
Scrolls
 g - a scroll of identify {unknown}
 h - a scroll of fear {unknown}
Potions
 i - 3 potions of curing {unknown}
 j - a potion of haste {unknown}


   Skills:
 - Level 1.7 Fighting
 - Level 1.7 Throwing
 + Level 1.5 Armour
 + Level 3.2 Dodging
 * Level 3.8 Unarmed Combat


You had 3 spell levels left.
You didn't know any spells.
Your spell library was empty.

Dungeon Overview and Level Annotations

Branches:
Dungeon (2/15)


Innate Abilities, Weirdness & Mutations

You have an increased reservoir of magic. (+10% MP)
You shall have no god before yourself.
Your divine heritage dramatically boosts your attributes as you level up.


Message History

You hit the gnoll but do no damage.
The gnoll is lightly wounded.
The gnoll barely misses you.
You hit the gnoll.
The gnoll is moderately wounded.
The gnoll closely misses you.
You hit the gnoll.
The gnoll is heavily wounded.
The gnoll hits you with a +0 club.
You punch the gnoll!
You kill the gnoll!
You hit the gnoll.
The gnoll is lightly wounded.
The gnoll hits you with a +0 flail!
* * * LOW HITPOINT WARNING * * *
You hit the gnoll.
The gnoll is heavily wounded.
The gnoll misses you.
You hit the gnoll. You punch the gnoll.
The gnoll is almost dead.
The gnoll hits you with a +0 flail.
* * * LOW HITPOINT WARNING * * *
You hit the gnoll but do no damage.
The gnoll is almost dead.
The gnoll barely misses you.
You hit the gnoll.
You kill the gnoll!
You have reached level 4!
You completely miss the gnoll. The gnoll barely misses you.
The gnoll hits you from afar with a +0 spear!
* * * LOW HITPOINT WARNING * * *
You hit the gnoll but do no damage. The gnoll completely misses you.
The gnoll misses you.
You hit the gnoll but do no damage. The gnoll hits you with a +0 flail.
* * * LOW HITPOINT WARNING * * *
The gnoll hits you from afar with a +0 spear.
* * * LOW HITPOINT WARNING * * *
You barely miss the gnoll. Your punch misses the gnoll.
The gnoll hits you with a +0 flail!
You die...

).# #.....#.#
#.###...#.#.#
#......##.#.#
###.##.##.#.######
....##.##........#
.......####.####.#
######## #.# #.#
#.# #.# #.# #@#
#.# #g# #.# #g#
#.# #.# #.# #.#
..# ###


You could see 2 gnolls.

Vanquished Creatures
  2 gnolls (D:2)
  2 adders (D:2)
  2 worms (D:2)
  6 endoplasms
  A giant cockroach (D:2)
  4 goblins
  3 hobgoblins
  A jackal (D:1)
  2 quokkas (D:1)
  5 ball pythons
  4 bats
  3 frilled lizards
  6 kobolds
  A rat (D:2)
42 creatures vanquished.

Notes
Turn   | Place    | Note
-------+----------+-------------------------------------------
     0 | D:1      | pkoi the Demigod Gladiator began the quest for the Orb.
     0 | D:1      | Reached XP level 1. HP: 17/17 MP: 3/3
  1066 | D:1      | Reached XP level 2. HP: 17/24 MP: 4/4
  1665 | D:1      | Reached skill level 1 in Armour
  1987 | D:2      | Reached XP level 3. HP: 29/29 MP: 5/5
  2849 | D:2      | Reached XP level 4. HP: 15/36 MP: 6/6
  2851 | D:2      | HP: 1/36 [gnoll/+0 spear (1)]
  2852 | D:2      | Mangled by a gnoll

Illustrated notes

Levels and vault maps discovered:
D:1:      kilobyte_arrival_exit_the_forest, layout_basic,
          ebering_ecumenical_altar_hall, minmay_tromino_v4_a
D:2:      layout_loops_ring, basic_altar

Skill      XL: |  1  2 |
---------------+-------+-----
Unarmed Combat | 3 |  3.8
Dodging        | 3 |  3.2
Armour         | 1 |  1.5
Fighting       | |  1.7
Throwing       | |  1.7

Action                   |  1- 3 |  4- 6 || total
-------------------------+-------+-------++-------
Melee: Unarmed           |   156 |     4 ||   160
       Punch             |     3 |       ||     3
 Stab: Sleeping          |     2 |       ||     2
Armor: Leather armour    |    50 |       ||    50
Dodge: Dodged            |   110 |     3 ||   113
